 Dungeon Crawl Stone Soup version 0.22-a0-109-gbeb7240 (webtiles) character file.

60 varam the Charlatan (level 3, -3/26 HPs)
             Began as a Demonspawn Artificer on Jan 26, 2018.
             Was a Follower of Wu Jian.
             Killed from afar by an orc wizard (10 damage)
             ... with a magic dart
             ... on level 3 of the Dungeon on Jan 27, 2018.
             The game lasted 00:09:31 (2409 turns).

varam the Charlatan (Demonspawn Artificer)          Turns: 2409, Time: 00:09:31

Health: -3/26      AC:  7    Str: 12    XL:     3   Next: 80%
Magic:  5/5        EV: 11    Int: 12    God:    Wu Jian [*.....]
Gold:   47         SH:  0    Dex: 14    Spells: 2/2 levels left

rFire    . . .     SeeInvis .     - Unarmed
rCold    + . .     Gourm    .   (no shield)
rNeg     . . .     Faith    .   n - +1 ring mail {MR+}
rPois    .         Spirit   .   (no helmet)
rElec    .         Reflect  .   (no cloak)
rCorr    .         Harm     +   (no gloves)
MR       +....                  g - +0 pair of boots
Stlth    +.........             q - amulet of harm
HPRegen  0.08/turn              i - ring of protection from cold
MPRegen  0.09/turn              (no ring)

@: no status effects
A: mutation resistance 1, powered by death 1
a: Renounce Religion


You were on level 3 of the Dungeon.
You worshipped Wu Jian.
Wu Jian was aware of your devotion.
You were hungry.

You visited 1 branch of the dungeon, and saw 3 of its levels.

You collected 47 gold pieces.

Inventory:

Armour
 b - a +0 leather armour
 g - a +0 pair of boots (worn)
 n - a +1 ring mail of magic resistance (worn)
Jewellery
 i - a ring of protection from cold (left hand)
 q - an amulet of harm (around neck)
Wands
 c - a wand of flame (11)
 d - a wand of enslavement (13)
 e - a wand of random effects (15)
Scrolls
 h - 2 scrolls of remove curse {unknown}
 k - 3 scrolls of identify {unknown}
 l - a scroll of fear {unknown}
 m - a scroll of noise {unknown}
 o - a scroll of amnesia {unknown}
 p - 2 scrolls of teleportation {unknown}
 r - a scroll of fog {unknown}
 u - a scroll of blinking {unknown}
 v - a scroll of immolation {unknown}
Potions
 j - a potion of brilliance {unknown}
 s - a potion of lignification {unknown}
 t - a potion of curing {unknown}
Comestibles
 f - 5 rations


   Skills:
 - Level 1.3 Fighting
   Level 1.2 Short Blades
 - Level 1.7 Dodging
 + Level 2.5 Stealth
 + Level 1.7 Unarmed Combat
 - Level 3.0 Evocations


You had 2 spell levels left.
You didn't know any spells.

Dungeon Overview and Level Annotations

Branches:
Dungeon (3/15)

Altars:
Wu Jian


Innate Abilities, Weirdness & Mutations

You regenerate a little health from kills.
You are somewhat resistant to further mutation.


Message History

The orc wizard is almost dead.
The orc wizard barely misses you.
You closely miss the orc wizard.
The orc wizard is almost dead.
The orc wizard hits you with a dagger.
You barely miss the orc wizard.
The orc wizard is almost dead.
The orc wizard points at you and mumbles some strange words.
The magic dart hits you!
You barely miss the orc wizard.
The orc wizard is almost dead.
You closely miss the orc wizard.
The orc wizard is almost dead.
The orc wizard gestures at you while chanting.
The magic dart hits you!
You hit the orc wizard but do no damage.
The orc wizard is almost dead.
The orc wizard gestures at you while chanting.
The magic dart hits you!
You die...

%.#.##.##.#
####)......#
####.####
##.## #...#
#...# #o..#
#o### ##@#
#..# #.## #.
#. #. #. #.
#.


You could see an orc wizard and an orc.

Vanquished Creatures
  An adder (D:2)
  A dart slug (D:2)
  2 leopard geckos
  An orc (D:3)
  3 giant cockroaches
  3 goblins
  9 hobgoblins
  5 jackals (D:2)
  3 bats (D:2)
  4 frilled lizards
  3 kobolds
  2 rats
37 creatures vanquished.

Vanquished Creatures (collateral kills)
  A worm (D:2)
  A rat (D:2)
2 creatures vanquished.

Grand Total: 39 creatures vanquished

Notes
Turn   | Place    | Note
-------+----------+-------------------------------------------
     0 | D:1      | varam the Demonspawn Artificer began the quest for the Orb.
     0 | D:1      | Reached XP level 1. HP: 15/15 MP: 3/3
   148 | D:1      | Reached skill level 1 in Short Blades
   148 | D:1      | Reached skill level 1 in Stealth
   358 | D:1      | Gained mutation: You regenerate a little health from kills. [demonic ancestry]
   358 | D:1      | Reached XP level 2. HP: 20/21 MP: 4/4
   407 | D:1      | Found an ornate altar of the Wu Jian Council.
   413 | D:1      | Became a worshipper of the Wu Jian Council
   835 | D:2      | Reached skill level 2 in Stealth
   835 | D:2      | Reached skill level 1 in Unarmed Combat
   835 | D:2      | Reached XP level 3. HP: 8/26 MP: 5/5
   839 | D:2      | Gained mutation: You are somewhat resistant to further mutation. [potion of mutation]
   852 | D:2      | HP: 2/26 [poisoned by an adder]
   860 | D:2      | HP: 1/26 [poisoned by an adder]
  1576 | D:2      | Reached * piety under Wu Jian
  2409 | D:3      | Killed from afar by an orc wizard

Vault maps used:
D:1:      scummos_arrival_checkerplants, kennysheep_flooded_box
D:2:      minmay_box_of_dots
D:3:      doesnt_xom_only_xom, uniq_jessica

Skill      XL: |  1  2 |
---------------+-------+-----
Short Blades   | 1 |  1.2
Stealth        | 1 2 |  2.5
Unarmed Combat | 1 |  1.7
Fighting       | |  1.3
Dodging        | |  1.7
Evocations     | |  3.0

Action                   || total
-------------------------++-------
Melee: Short sword       ||    79
       Unarmed           ||   148
Invok: Lunge             ||     9
Evoke: Wand              ||     6
  Use: Potion            ||     1
 Stab: Sleeping          ||     3
  Eat: Ration            ||     1
       Chunk             ||     1
Armor: Leather armour    ||     5
       Ring mail         ||    69
Dodge: Dodged            ||   124

Table legend:
 A = Spawn XP
 B = Non-spawn XP
 C = Spawn XP percentage of total XP
 D = Spawn monster count
 E = Non-spawn monster count
 F = Spawn count percentage of total count
 G = Total turns spent on level
                    A         B        C        D         E        F      G
               +---------+---------+-------+---------+---------+-------+---------
         Total |       0 |      86 |   0.0 |       0 |      39 |   0.0 |  2409
               +---------+---------+-------+---------+---------+-------+---------
           D:1 |       0 |      27 |   0.0 |       0 |      15 |   0.0 |   727
           D:2 |       0 |      56 |   0.0 |       0 |      23 |   0.0 |  1630
           D:3 |       0 |       3 |   0.0 |       0 |       1 |   0.0 |    52
               +---------+---------+-------+---------+---------+-------+---------
